 Dungeon Sprint DCSS version 0.21.0-30-g47ce8e4 (webtiles) character file.

23807332 wojtek the Axe Maniac (level 19, 165/165 HPs)
             Began as a Minotaur Berserker on Jan 28, 2018.
             Was a High Priest of Trog.
             Escaped with the Orb
             ... and 8 runes!
             The game lasted 01:37:00 (17286 turns).

wojtek the Axe Maniac (Minotaur Berserker)         Turns: 17286, Time: 01:37:01

Health: 165/165    AC: 52    Str: 32    XL:     19   Next: 33%
Magic:  11/11      EV: 22    Int:  2    God:    Trog [*****.]
Gold:   1110       SH:  0    Dex: 14    Spells: 18/18 levels left

rFire    + + .     SeeInvis +   a - +10 battleaxe of Dismemberment {antimagic, rPois rF+ rC+}
rCold    + + +     Gourm    .   (shield currently unavailable)
rNeg     . . .     Faith    .   E - +11 crystal plate armour
rPois    +         Spirit   .   O - +1 hat {SInv}
rElec    .         Reflect  .   L - scarf {rC+ rF+}
rCorr    .         Harm     .   P - +3 pair of gauntlets of War {Slay+5}
MR       ++...     NoTele   +   D - +2 pair of boots of the Assassin {Detection Stab+ Stlth++}
Stlth    +.........             H - amulet of regeneration
HPRegen  0.77/turn              S - ring "Ruicouj" {+Fly Str+4 Dex+4}
MPRegen  0.12/turn              G - ring of the Original Sin {rC+ MR+}

@: contaminated, hasted, glowing, very quick
A: retaliatory headbutt, horns 2, blurry vision 1, clumsy 1, deterioration 2,
dopey 1, frail 2, screaming 1, wild magic 1, MP-powered wands
0: Orb of Zot
}: 8/10 runes: serpentine, barnacled, slimy, silver, golden, iron, obsidian, icy
a: Berserk, Trog's Hand, Brothers in Arms, Burn Spellbooks, Renounce Religion,
Evoke Flight


You escaped.
You worshipped Trog.
Trog was extremely pleased with you.
You were not hungry.

You visited 1 branch You collected 7008 gold pieces.
You spent 5898 gold pieces at shops.

Inventory:

Hand Weapons
 a - the +10 battleaxe of Dismemberment (weapon) {antimagic, rPois rF+ rC+}
   (Trog gifted it to you in the Dungeon)

   It reduces the magical energy of the wielder, and disrupts the spells and
   magical abilities of those hit.
   Natural abilities and divine invocations are not affected.
   It protects you from fire.
   It protects you from cold.
   It protects you from poison.
 b - the +7 battleaxe "Zagosid" {chaos, rElec rF+}
   (Trog gifted it to you in the Dungeon)

   Each time it hits an enemy it has a different, random effect.
   It protects you from fire.
   It insulates you from electricity.
 r - the +1 battleaxe of the Mouth {chop, rC- Dex+4 SInv}
   (Trog gifted it to you in the Dungeon)

   It inflicts extra damage upon your enemies.
   It affects your dexterity (+4).
   It makes you vulnerable to cold.
   It lets you see invisible.
 s - the +4 broad axe of Conscience {drain, Str+8 Int+3 Dex-3 SInv}
   (You found it in the Dungeon)

   A truly terrible weapon, it drains the life of those it strikes.
   It affects your strength (+8).
   It affects your intelligence (+3).
   It affects your dexterity (-3).
   It lets you see invisible.
Missiles
 i - 14 tomahawks of dispersal
 z - 18 javelins of returning
 Q - 8 throwing nets (quivered)
Armour
 o - the +0 hat "Poixeeff" {*Slow rElec rN+}
   (You acquired it in the Dungeon)

   It insulates you from electricity.
   It protects you from negative energy.
   It may slow you when you take damage.
 x - the +7 chain mail "Fyl Buth" {rPois rC+ MP-9 Int+3}
   (You bought it in a shop in the Dungeon)

   It affects your intelligence (+3).
   It protects you from cold.
   It protects you from poison.
   It affects your magic capacity (-9).
 D - the +2 pair of boots of the Assassin (worn) {Detection Stab+ Stlth++}
   (You found it in the Dungeon)

   It makes you much more stealthy.
 E - a +11 crystal plate armour (worn)
 J - a +0 large shield of reflection
 L - a scarf of resistance (worn)
 N - the +1 plate armour "Supishoa" {rF++}
   (You bought it in a shop in the Dungeon)

   It greatly protects you from fire.
 O - a +1 hat of see invisible (worn)
 P - the +3 pair of gauntlets of War (worn) {Slay+5}
   (You acquired it in the Dungeon)

   It affects your accuracy and damage with ranged weapons and melee attacks
   (+5).
 Y - the +4 dragonskin cloak
   (You took it off Tiamat in the Dungeon)
Jewellery
 y - an uncursed ring of protection from fire
 G - the ring of the Original Sin (right hand) {rC+ MR+}
   (You found it in the Dungeon)

   [ring of protection from cold]

   It protects you from cold.
   It affects your resistance to hostile enchantments.
 H - an amulet of regeneration (around neck)
 S - the ring "Ruicouj" (left hand) {+Fly Str+4 Dex+4}
   (You bought it in a shop in the Dungeon)

   [ring of flight]

   It affects your strength (+4).
   It affects your dexterity (+4).
   It lets you fly.
Wands
 t - a wand of digging (30)
 v - a wand of scattershot (6)
 M - a wand of enslavement (19)
 T - a wand of acid (7)
 U - a wand of disintegration (30)
Scrolls
 l - 4 scrolls of identify
 m - 3 scrolls of remove curse
 u - a scroll of silence
 C - 3 scrolls of fog
Potions
 d - 11 potions of curing
 e - 4 potions of heal wounds
 f - 8 potions of haste
 g - 3 potions of magic
 h - 2 potions of berserk rage
 j - 7 potions of mutation
 n - 5 potions of flight
 q - 5 potions of might
 w - 3 potions of lignification
 A - a potion of invisibility
 R - 6 potions of agility
 W - 4 potions of resistance
Miscellaneous
 k - a lightning rod (4/4)
 p - a lightning rod (4/4)
 B - 6 phantom mirrors
 F - a crystal ball of energy
 I - a fan of gales
 K - a lamp of fire
 V - 3 boxes of beasts
 X - a phial of floods
 Z - 2 sacks of spiders
Comestibles
 c - 13 rations


   Skills:
 O Level 27 Fighting
 O Level 27 Axes
 * Level 26.3 Throwing
 O Level 27 Armour
 O Level 27 Dodging
 + Level 18.6 Stealth
 O Level 27 Evocations


You had 18 spell levels left.
You didn't know any spells.

Dungeon Overview and Level Annotations

Branches:
Dungeon (1/1)

Altars:
Cheibriados
Dithmenos
Elyvilon
Fedhas
Gozag
Hepliaklqana
Kikubaaqudgha
Makhleb
Nemelex Xobeh
Okawaru
Qazlal
Ru
Sif Muna
Trog
Uskayaw
Vehumet
Wu Jian
Xom
Yredelemnul
Zin
The Shining One
Beogh
Jiyva
Lugonu

Shops:
D }[%[[=(?![!%[%(*[=(!?%}:


Innate Abilities, Weirdness & Mutations

You reflexively headbutt those who attack you in melee.
You have a pair of horns on your head.
Scrolls take you a little longer to read.
You are clumsy. (Dex -2)
Your body often deteriorates upon taking damage.
You are dopey. (Int -2)
You are very frail. (-20% HP)
You occasionally shout uncontrollably at your foes.
Your spells are a little harder to cast, but a little more powerful.
You expend magic power (3 MP) to strengthen your wands.


Message History

You headbutt Gaunt, but do no damage. Gaunt barely misses you.
You furiously retaliate!
You headbutt Gaunt, but do no damage.
There is an open door, spattered with blood here.
You see here a glowing dire flail {god gift}.
You hear a distant "Zot"!
A rust devil comes into view.
The rust devil screeches!
The rust devil moves out of view.
There is a fountain of clear blue water here.
You see here a long sword of holy wrath.
There is an open door to the Ecumenical Temple, spattered with blood here.
The rust devil barely misses you. The rust devil barely misses you.
You furiously retaliate!
You headbutt the rust devil, but do no damage.
There is an open door here.
There is an open door here.
There is an open door here.
There is a staircase leading out of the dungeon here.
You have escaped!

▓▓▓▓▓▓▓▓▓▓▓▓▓ ▓▓
▓@.#..'...♣.♣♣ ♣.
▓&.#..#......♣ ♣♣.
▓#'####....♣.♣ ..
▓.....#....≈♣♣♣♣♣.
▓.....#...≈≈..♣.♣.
▓....)#..≈≈≈≈♣....
▓####'#..≈≈≈≈≈≈.♣.
▓)....#.≈≈≈≈≈≈....
▓..&..#.≈≈≈≈≈.....


You could see Gaunt.

Vanquished Creatures
  Antaeus (D)
  the Royal Jelly (D)
  the Serpent of Hell (D)
  Dispater (D)
  An orb of fire (D)
  Mara (D)
  Tiamat (D)
  2 ancient liches (D)
  2 greater mummies (D)
  Boris (D)
  Frederick (D)
  A Killer Klown (D)
  Geryon (D)
  Nikola (D)
  2 golden dragons (D)
  A Brimstone Fiend (D)
  An electric golem (D)
  An iron giant (D)
  A lich (D)
  5 Ice Fiends (D)
  Rupert (D)
  2 Orb Guardians (D)
  3 Hell Sentinels (D)
  5 deep elf blademasters (D)
  2 titans (D)
  An Executioner (D)
  Gastronok (D)
  6 acid blobs (D)
  An ancient champion (D)
  Chuck (D)
  Roxanne (D)
  2 shadow dragons (D)
  Dowan (D)
  A storm dragon (D)
  13 azure jellies (D)
  A nagaraja (D)
  2 fire giants (D)
  3 frost giants (D)
  An iron dragon (D)
  A draconian shifter (D)
  3 draconian stormcallers (D)
  2 stone giants (D)
  4 war gargoyles (D)
  2 vampire knights (D)
  Nessos (D)
  2 deep elf demonologists (D)
  Azrael (D)
  A deep elf annihilator (D)
  A merfolk javelineer (D)
  A dire elephant (D)
  A deep elf death mage (D)
  4 mummy priests (D)
  5 death oozes (D)
  An ogre mage (D)
  A deep elf high priest (D)
  A fire dragon (D)
  2 hydras (D)
  3 yaktaur captains (D)
  A naga warrior (D)
  16 vault guards (D)
  2 hell beasts (D)
  3 centaur warriors (D)
  6 anacondas (D)
  2 iron elementals (D)
  4 death yaks (D)
  Erica (D)
  4 dancing weapons (D)
  2 titan zombies (D)
  Urug (D)
  2 soul eaters (D)
  A shadow wraith (D)
  2 sun demons (D)
  8 skeletal warriors (D)
  An obsidian statue (D)
  A spriggan druid (D)
  A sea snake (D)
  A spectral iron dragon (D)
  8 slime creatures (D)
  A glowing orange brain (D)
  3 kraken simulacra (D)
  A lindwurm (D)
  An unseen horror (D)
  An orange crystal statue (D)
  7 deep elf magi (D)
  An orc knight (D)
  2 oklob plants (D)
  2 shining eyes (D)
  2 crystal guardians (D)
  7 ugly things (D)
  A moth of wrath (D)
  A salamander (shapeshifter) (D)
  An elephant (D)
  6 black mambas (D)
  2 rust devils (D)
  A guardian serpent (D)
  9 statues (D)
  Duvessa (D)
  2 spiny frogs (D)
  A rime drake (D)
  A komodo dragon (D)
  2 ice devils (D)
  2 anaconda simulacra (D)
  11 yaktaurs (D)
  8 guardian mummies (D)
  4 spriggan defenders (D)
  2 tyrant leeches (D)
  3 hornets (D)
  A queen bee (D)
  3 orc high priests (D)
  A snapping turtle (shapeshifter) (D)
  8 blink frogs (D)
  2 dream sheep (D)
  3 wandering mushrooms (D)
  A shadow (D)
  3 redbacks (D)
  2 spriggans (D)
  2 nagas (D)
  3 iron troll simulacra (D)
  A spatial vortex (D)
  A hydra simulacrum (D)
  7 water moccasins (D)
  2 floating eyes (D)
  A swamp drake (D)
  A necrophage (D)
  2 centaurs (D)
  An earth elemental (D)
  A water elemental (D)
  A scorpion (D)
  32 killer bees (D)
  7 electric eels (D)
  A jelly (D)
  An orc priest (D)
  A wizard (D)
  A necromancer (D)
  3 orc wizards (D)
  A polar bear simulacrum (D)
  2 wolf simulacra (D)
  A kobold demonologist (D)
  3 humans (D)
  6 adders (D)
  An ooze (D)
  3 rats (D)
  2 ballistomycetes (D)
  3 bushes (D)
  4 butterflies (D)
  10 plants (D)
394 creatures vanquished.

Vanquished Creatures (collateral kills)
  Mennas (D)
  A titan (D)
  An acid blob (D)
  2 sphinxes (D)
  Polyphemus (D)
  Ilsuiw (D)
  A dire elephant (D)
  A yellow draconian (D)
  3 mummy priests (D)
  An iron golem (D)
  A deep elf knight (D)
  A death drake (D)
  2 orc knights (D)
  2 crystal guardians (D)
  2 orc sorcerers (D)
  A shining eye (D)
  An elephant (D)
  A rust devil (D)
  A molten gargoyle (D)
  5 guardian mummies (D)
  A dream sheep (D)
  A golden eye (D)
  4 floating eyes (D)
  3 orc warriors (D)
  An orc priest (D)
  2 orc wizards (D)
  6 orcs (D)
  A giant cockroach (D)
  2 plants (D)
51 creatures vanquished.

Vanquished Creatures (others)
  2 draconian scorchers (D)
  A deep elf knight (D)
  3 yaktaurs (D)
  6 hellions (D)
  2 guardian mummies (D)
  A neqoxec (D)
  2 ball lightnings (D)
  6 ballistomycete spores (D)
  3 butterflies (D)
  23 plants (D)
  12 tentacles (D)
61 creatures vanquished.

Grand Total: 506 creatures vanquished

Notes
Turn   | Place    | Note
-------+----------+-------------------------------------------
     0 | D        | wojtek the Minotaur Berserker began the quest for the Orb.
     0 | D        | Reached XP level 1. HP: 19/19 MP: 0/0
    13 | D        | Reached ** piety under Trog
    47 | D        | Reached skill level 5 in Axes
    47 | D        | Reached XP level 2. HP: 13/28 MP: 1/1
   114 | D        | Killed a hellion
   125 | D        | Killed a yaktaur
   128 | D        | Killed a hellion
   139 | D        | Killed a hellion
   144 | D        | Killed a hellion
   202 | D        | Killed a hellion
   203 | D        | Killed a white draconian scorcher
   217 | D        | Killed a white draconian scorcher
   253 | D        | Noticed a scorpion
   266 | D        | Killed a scorpion
   266 | D        | Reached skill level 5 in Fighting
   266 | D        | Reached XP level 3. HP: 23/36 MP: 2/2
   266 | D        | Reached XP level 4. HP: 27/42 MP: 3/3
   303 | D        | Killed a hellion
   365 | D        | Noticed a water elemental
   369 | D        | Killed a water elemental
   369 | D        | Reached *** piety under Trog
   369 | D        | Reached skill level 5 in Armour
   369 | D        | Reached skill level 5 in Dodging
   473 | D        | Found a radiant altar of Vehumet.
   474 | D        | Found a deep blue altar of Sif Muna.
   474 | D        | Found an ancient bone altar of Kikubaaqudgha.
   474 | D        | Noticed a wizard
   479 | D        | Reached XP level 5. HP: 51/51 MP: 4/4
   524 | D        | Found a glowing silver altar of Zin.
   525 | D        | Found a glowing golden altar of the Shining One.
   525 | D        | Found a white marble altar of Elyvilon.
   525 | D        | Noticed a deep elf mage
   535 | D        | Reached **** piety under Trog
   547 | D        | Killed a deep elf mage
   547 | D        | Reached XP level 6. HP: 7/63 MP: 5/5
   547 | D        | Reached XP level 7. HP: 8/70 MP: 6/6
   864 | D        | Found a hide-covered altar of Uskayaw.
   864 | D        | Found an iron altar of Okawaru.
   865 | D        | Found a roughly hewn altar of Beogh.
   865 | D        | Found a bloodstained altar of Trog.
   865 | D        | Found an ornate altar of the Wu Jian Council.
   865 | D        | Noticed a human
   865 | D        | Noticed a human
   870 | D        | Killed a human
   870 | D        | Reached ***** piety under Trog
   873 | D        | Killed a human
   923 | D        | Found a shadowy altar of Dithmenos.
   928 | D        | Reached skill level 10 in Fighting
   929 | D        | Found a basalt altar of Yredelemnul.
   929 | D        | Found a sacrificial altar of Ru.
   931 | D        | Reached XP level 8. HP: 76/78 MP: 7/7
   947 | D        | Reached skill level 10 in Armour
   948 | D        | Received a gift from Trog
  1111 | D        | Found a blossoming altar of Fedhas.
  1111 | D        | Found a stormy altar of Qazlal.
  1111 | D        | Found a snail-covered altar of Cheibriados.
  1111 | D        | Found a burning altar of Makhleb.
  1111 | D        | Found a shimmering altar of Xom.
  1112 | D        | Found a hazy altar of Hepliaklqana.
  1112 | D        | Found an opulent altar of Gozag.
  1112 | D        | Found a sparkling altar of Nemelex Xobeh.
  1112 | D        | Found a corrupted altar of Lugonu.
  1112 | D        | Found a viscous altar of Jiyva.
  1305 | D        | Noticed Erica
  1313 | D        | Killed Erica
  1313 | D        | Reached skill level 10 in Dodging
  1369 | D        | Reached skill level 15 in Axes
  1369 | D        | Reached XP level 9. HP: 88/88 MP: 8/8
  1383 | D        | Noticed an orc sorcerer
  1383 | D        | Noticed an orc sorcerer
  1385 | D        | Killed an orc sorcerer
  1387 | D        | Killed an orc sorcerer
  1388 | D        | Found Xenommu's Armour Shop.
  1394 | D        | Reached ****** piety under Trog
  1398 | D        | Received a gift from Trog
  1399 | D        | Received a gift from Trog
  1473 | D        | Bought the +7 chain mail "Fyl Buth" {rPois rC+ MP-9 Int+3} for 496 gold pieces
  1507 | D        | Noticed a centaur warrior
  1514 | D        | Killed a centaur warrior
  1514 | D        | Received a gift from Trog
  1541 | D        | Killed an unseen horror
  1541 | D        | Reached XP level 10. HP: 80/99 MP: 0/9
  1636 | D        | Received a gift from Trog
  1651 | D        | Received a gift from Trog
  1672 | D        | Received a gift from Trog
  1684 | D        | Received a gift from Trog
  1890 | D        | Noticed a spiny frog
  1890 | D        | Noticed a spiny frog
  1892 | D        | Killed a spiny frog
  1900 | D        | Received a gift from Trog
  1904 | D        | Killed a spiny frog
  1999 | D        | Reached XP level 11. HP: 45/110 MP: 1/10
  2007 | D        | Received a gift from Trog
  2270 | D        | Noticed Rupert
  2283 | D        | Killed Rupert
  2320 | D        | Noticed a dire elephant
  2322 | D        | Noticed a dire elephant
  2334 | D        | Killed a dire elephant
  2334 | D        | Reached skill level 15 in Fighting
  2390 | D        | Noticed Gastronok
  2400 | D        | Killed Gastronok
  2400 | D        | Reached skill level 15 in Armour
  2414 | D        | Killed a dire elephant
  2414 | D        | Received a gift from Trog
  2447 | D        | Noticed an azure jelly
  2447 | D        | Noticed an azure jelly
  2447 | D        | Noticed an azure jelly
  2447 | D        | Noticed an azure jelly
  2670 | D        | Noticed a death yak
  2671 | D        | Noticed a death yak
  2707 | D        | Noticed a death yak
  2713 | D        | Noticed a death yak
  2717 | D        | Killed a death yak
  2722 | D        | Killed a death yak
  2727 | D        | Killed a death yak
  2727 | D        | Reached XP level 12. HP: 66/121 MP: 2/11
  2731 | D        | Received a gift from Trog
  2737 | D        | Killed a death yak
  2737 | D        | Reached skill level 15 in Dodging
  2740 | D        | Got a translucent battleaxe {god gift}
  2741 | D        | Identified the +1 battleaxe of the Mouth {chop, rC- Dex+4 SInv} (Trog gifted it to you in the Dungeon)
  2926 | D        | Noticed an anaconda
  2926 | D        | Noticed an anaconda
  2929 | D        | Killed an anaconda
  2930 | D        | Killed an anaconda
  2933 | D        | Received a gift from Trog
  2981 | D        | Noticed an anaconda
  2984 | D        | Killed an anaconda
  2989 | D        | Noticed an anaconda
  2994 | D        | Killed an anaconda
  2994 | D        | Received a gift from Trog
  3034 | D        | Noticed an anaconda
  3034 | D        | Noticed an anaconda
  3037 | D        | Killed an anaconda
  3039 | D        | Killed an anaconda
  3040 | D        | Received a gift from Trog
  3202 | D        | Noticed a naga warrior
  3214 | D        | Noticed a nagaraja
  3224 | D        | Killed a nagaraja
  3224 | D        | Received a gift from Trog
  3243 | D        | Found Huries's Gadget Boutique.
  3243 | D        | Found Wequ's Antique Armour Emporium.
  3252 | D        | Killed a naga warrior
  3253 | D        | Found Xolit's Food Shop.
  3271 | D        | Got a serpentine rune of Zot
  3390 | D        | Received a gift from Trog
  3394 | D        | Reached XP level 13. HP: 100/133 MP: 3/12
  3399 | D        | Got a brightly glowing battleaxe {god gift}
  3400 | D        | Identified the +10 battleaxe of Dismemberment {antimagic, rPois rF+ rC+} (Trog gifted it to you in the Dungeon)
  3485 | D        | Noticed Urug
  3491 | D        | Killed Urug
  3548 | D        | Received a gift from Trog
  3927 | D        | Found a blossoming altar of Fedhas.
  3927 | D        | Paralysed by a spriggan for 3 turns
  4006 | D        | Received a gift from Trog
  4196 | D        | Noticed Polyphemus
  4202 | D        | Noticed Ilsuiw
  4208 | D        | Killed Polyphemus
  4216 | D        | Killed Ilsuiw
  4348 | D        | Received a gift from Trog
  4351 | D        | Found Nocven's Jewellery Emporium.
  4356 | D        | Found Axke's Antique Weapon Shop.
  4357 | D        | Found Xun Xony's Magic Scroll Shoppe.
  4359 | D        | Noticed a merfolk javelineer
  4386 | D        | Killed a merfolk javelineer
  4433 | D        | Got a barnacled rune of Zot
  4537 | D        | Noticed Dowan
  4537 | D        | Noticed Duvessa
  4547 | D        | Killed Dowan
  4547 | D        | Received a gift from Trog
  4550 | D        | Killed Duvessa
  4676 | D        | Received a gift from Trog
  4763 | D        | Received a gift from Trog
  4773 | D        | Found Ubol's Distillery.
  4773 | D        | Found Ryschylid's Book Shoppe.
  4773 | D        | Found Dyr Imy's Jewellery Emporium.
  4773 | D        | Found Ycuapayx's Assorted Antiques.
  4773 | D        | Found Fanoust's Antique Weapon Emporium.
  4773 | D        | Found Miyb's Gadget Shop.
  4773 | D        | Found Haruo's Armour Boutique.
  4773 | D        | Found Wiyd Wiz's Antique Weapon Shoppe.
  4773 | D        | Found Cuptid's Food Emporium.
  4773 | D        | Found Vuck's Food Shop.
  4773 | D        | Found Hekasyxa's Magic Scroll Boutique.
  4773 | D        | Found Arokh's Antique Armour Emporium.
  5010 | D        | Found Sosaesch's Distillery.
  5010 | D        | Found Viysaf's Distillery.
  5010 | D        | Found Vinnarph's Armour Shop.
  5010 | D        | Found Totwessi's Food Shoppe.
  5166 | D        | Found Caaciale's Armour Boutique.
  5175 | D        | Received a gift from Trog
  5628 | D        | Noticed an Executioner
  5631 | D        | Killed an Executioner
  5631 | D        | Received a gift from Trog
  5687 | D        | Noticed Nessos
  5696 | D        | Killed Nessos
  5735 | D        | Noticed a yellow draconian
  5740 | D        | Killed a yellow draconian
  5751 | D        | Reached XP level 14. HP: 132/147 MP: 1/13
  5940 | D        | Noticed Roxanne
  5969 | D        | Killed Roxanne
  6116 | D        | Bought the +5 chain mail of the Thunderstorm {rElec} for 609 gold pieces
  6226 | D        | Noticed Nikola
  6226 | D        | Noticed a storm dragon
  6241 | D        | Killed a storm dragon
  6241 | D        | Received a gift from Trog
  6248 | D        | Killed Nikola
  6495 | D        | Received a gift from Trog
  6558 | D        | Reached skill level 27 in Axes
  6667 | D        | Received a gift from Trog
  6671 | D        | Noticed Boris
  6682 | D        | Killed Boris
  7004 | D        | Noticed a vampire knight
  7004 | D        | Noticed Mara
  7004 | D        | Noticed a vampire knight
  7009 | D        | Noticed wojtek's illusion
  7028 | D        | Killed Mara
  7028 | D        | Received a gift from Trog
  7031 | D        | Killed a vampire knight
  7040 | D        | Killed a vampire knight
  7174 | D        | Bought the ring "Ruicouj" {+Fly Str+4 Dex+4} for 413 gold pieces
  7301 | D        | Noticed an ancient champion
  7307 | D        | Killed an ancient champion
  7347 | D        | Received a gift from Trog
  7358 | D        | Got a crude broad axe {god gift}
  7408 | D        | Identified the +2 broad axe "Zuetetiw" {flame, -Tele Str+3 Dex+3} (Trog gifted it to you in the Dungeon)
  7471 | D        | Reached XP level 15. HP: 149/160 MP: 1/14
  7493 | D        | Received a gift from Trog
  7746 | D        | Noticed Chuck
  7796 | D        | Killed Chuck
  7878 | D        | Noticed Frederick
  7888 | D        | Killed Frederick
  7888 | D        | Received a gift from Trog
  7913 | D        | Noticed a lich
  7921 | D        | Killed a lich
  7993 | D        | Noticed a shadow dragon
  7999 | D        | Noticed a shadow dragon
  8007 | D        | Received a gift from Trog
  8015 | D        | Killed a shadow dragon
  8019 | D        | Killed a shadow dragon
  8220 | D        | Received a gift from Trog
  8407 | D        | Noticed a golden dragon
  8521 | D        | Got an uncursed polished halberd {drain}
  8694 | D        | Noticed a titan
  8733 | D        | Killed a titan
  9058 | D        | Received a gift from Trog
  9253 | D        | Noticed a titan
  9258 | D        | Killed a titan
  9259 | D        | Noticed a golden dragon
  9262 | D        | Killed a golden dragon
  9566 | D        | Noticed a frost giant
  9574 | D        | Received a gift from Trog
  9577 | D        | Killed a frost giant
  9587 | D        | Got an emerald-encrusted plate armour
  9635 | D        | Noticed a fire giant
  9660 | D        | Killed a golden dragon
  9660 | D        | Reached XP level 16. HP: 165/178 MP: 5/15
  9671 | D        | Received a gift from Trog
  9805 | D        | Noticed a titan
  9821 | D        | Killed a titan
  9821 | D        | Received a gift from Trog
  9836 | D        | Reached skill level 27 in Fighting
  9839 | D        | Received a gift from Trog
  9839 | D        | Reached skill level 27 in Armour
  9876 | D        | Got a silver rune of Zot
  9887 | D        | Identified the cursed +1 plate armour "Siur" {Str+2} (You took it off a skeletal warrior in the Dungeon)
 10082 | D        | Noticed an ancient lich
 10093 | D        | Killed an ancient lich
 10167 | D        | Noticed a sphinx
 10167 | D        | Noticed a sphinx
 10175 | D        | Killed a sphinx
 10175 | D        | Reached skill level 27 in Dodging
 10176 | D        | Killed a sphinx
 10176 | D        | Received a gift from Trog
 10182 | D        | Reached skill level 5 in Evocations
 10581 | D        | Received a gift from Trog
 10626 | D        | Noticed a greater mummy
 10631 | D        | Killed a greater mummy
 10631 | D        | Reached skill level 10 in Evocations
 10656 | D        | Received a gift from Trog
 10983 | D        | Noticed a greater mummy
 10994 | D        | Killed a greater mummy
 11415 | D        | Received a gift from Trog
 11420 | D        | Got a golden rune of Zot
 11667 | D        | Received a gift from Trog
 11674 | D        | Reached skill level 15 in Evocations
 11678 | D        | Got a brightly glowing battleaxe {god gift}
 11926 | D        | Noticed Mennas
 11955 | D        | Killed Mennas
 11955 | D        | Reached XP level 17. HP: 136/187 MP: 9/29
 12179 | D        | Noticed a deep elf blademaster
 12184 | D        | Noticed a Hell Sentinel
 12266 | D        | Bought a wand of acid (7) for 286 gold pieces
 12266 | D        | Bought a wand of disintegration (17) for 273 gold pieces
 12268 | D        | Bought a scroll of identify for 24 gold pieces
 12268 | D        | Bought a scroll of identify for 24 gold pieces
 12360 | D        | Killed a deep elf blademaster
 12365 | D        | Noticed a Brimstone Fiend
 12515 | D        | Received a gift from Trog
 12535 | D        | Got a heavily runed bone ring
 12561 | D        | Got a pitted sapphire amulet
 12591 | D        | Identified the amulet "Echigionibb" {Spirit MR- Str+2 Int+7} (You took it off a deep elf demonologist in the Dungeon)
 12593 | D        | Identified the ring of Dishonour {rPois Int+3} (You took it off a deep elf demonologist in the Dungeon)
 12595 | D        | Identified the +7 battleaxe "Zagosid" {chaos, rElec rF+} (Trog gifted it to you in the Dungeon)
 12637 | D        | Got a flickering silver amulet
 12638 | D        | Identified the amulet "Esageuw" {+Rage Int+3} (You found it in the Dungeon)
 12644 | D        | Got a sparkling bone ring
 12645 | D        | Identified the ring of Cufenos {+Fly Int+4 SInv} (You found it in the Dungeon)
 12763 | D        | Got a translucent buckler
 12778 | D        | Found the +3 pair of gauntlets of War {Slay+5}
 12807 | D        | Bought a potion of mutation for 88 gold pieces
 12807 | D        | Bought a potion of agility for 44 gold pieces
 12807 | D        | Bought a potion of lignification for 33 gold pieces
 12807 | D        | Bought 2 potions of lignification for 66 gold pieces
 12835 | D        | Bought 2 potions of mutation for 176 gold pieces
 12835 | D        | Bought a potion of heal wounds for 55 gold pieces
 12859 | D        | Identified the +1 buckler "Vualleny" {MP+9 Int+3} (You acquired it in the Dungeon)
 12866 | D        | Got an ancient crystal amulet
 12867 | D        | Identified the amulet "Kuodisko" {Harm *Drain MR++ MP+9 Str+6} (You acquired it in the Dungeon)
 12891 | D        | Noticed Geryon
 12914 | D        | Received a gift from Trog
 12921 | D        | Killed Geryon
 13031 | D        | Noticed the Serpent of Hell
 13047 | D        | Killed the Serpent of Hell
 13047 | D        | Received a gift from Trog
 13086 | D        | Noticed a Brimstone Fiend
 13100 | D        | Killed a Brimstone Fiend
 13170 | D        | Got a vibrating iron ring
 13232 | D        | Got a crude broad axe
 13236 | D        | Got an obsidian rune of Zot
 13270 | D        | Identified the +4 broad axe of Conscience {drain, Str+8 Int+3 Dex-3 SInv} (You found it in the Dungeon)
 13283 | D        | Identified the ring of the Original Sin {rC+ MR+} (You found it in the Dungeon)
 13414 | D        | Bought a heavily runed plate armour for 728 gold pieces
 13425 | D        | Identified the cursed +1 plate armour "Supishoa" {rF++} (You bought it in a shop in the Dungeon)
 13429 | D        | Bought a scroll of remove curse for 36 gold pieces
 13429 | D        | Bought a scroll of remove curse for 36 gold pieces
 13558 | D        | Noticed an Ice Fiend
 13564 | D        | Killed an Ice Fiend
 13702 | D        | Noticed an Ice Fiend
 13705 | D        | Killed an Ice Fiend
 13717 | D        | Noticed an Ice Fiend
 13721 | D        | Killed an Ice Fiend
 13737 | D        | Noticed an Ice Fiend
 13739 | D        | Killed an Ice Fiend
 13749 | D        | Noticed an Ice Fiend
 13753 | D        | Killed an Ice Fiend
 13786 | D        | Noticed Antaeus
 13883 | D        | Killed Antaeus
 13883 | D        | Reached skill level 27 in Evocations
 13883 | D        | Reached skill level 5 in Throwing
 14061 | D        | Got an icy rune of Zot
 14097 | D        | Noticed an iron giant
 14100 | D        | Reached XP level 18. HP: 166/196 MP: 11/34
 14106 | D        | Reached skill level 5 in Stealth
 14111 | D        | Received a gift from Trog
 14112 | D        | Killed an iron giant
 14112 | D        | Received a gift from Trog
 14112 | D        | Reached skill level 10 in Throwing
 14255 | D        | Received a gift from Trog
 14299 | D        | Noticed a Hell Sentinel
 14309 | D        | Killed a Hell Sentinel
 14319 | D        | Found the +2 pair of boots of the Assassin {Detection Stab+ Stlth++}
 14364 | D        | Noticed a Hell Sentinel
 14364 | D        | Noticed Dispater
 14365 | D        | Noticed a Hell Sentinel
 14370 | D        | Killed a Hell Sentinel
 14376 | D        | Noticed an Ice Fiend
 14385 | D        | Killed a Hell Sentinel
 14385 | D        | Received a gift from Trog
 14421 | D        | Killed Dispater
 14421 | D        | Reached skill level 15 in Throwing
 14421 | D        | Reached skill level 10 in Stealth
 14435 | D        | Got an iron rune of Zot
 14438 | D        | Received a gift from Trog
 14626 | D        | Bought a potion of haste for 110 gold pieces
 14626 | D        | Bought a potion of haste for 110 gold pieces
 14626 | D        | Bought a potion of might for 44 gold pieces
 14626 | D        | Bought a potion of curing for 33 gold pieces
 14626 | D        | Bought a potion of curing for 33 gold pieces
 14654 | D        | Bought a potion of haste for 110 gold pieces
 14688 | D        | Bought a potion of might for 52 gold pieces
 14688 | D        | Bought a potion of heal wounds for 65 gold pieces
 14688 | D        | Bought a potion of heal wounds for 65 gold pieces
 14688 | D        | Bought a potion of heal wounds for 65 gold pieces
 14717 | D        | Bought a ration for 55 gold pieces
 14717 | D        | Bought a ration for 55 gold pieces
 14717 | D        | Bought a ration for 55 gold pieces
 14717 | D        | Bought a ration for 55 gold pieces
 14717 | D        | Bought a ration for 55 gold pieces
 14717 | D        | Bought a ration for 55 gold pieces
 14717 | D        | Bought a ration for 55 gold pieces
 14776 | D        | Noticed Azrael
 14779 | D        | Killed Azrael
 14841 | D        | Got a faintly glowing hat
 14852 | D        | Identified the +0 hat "Poixeeff" {*Slow rElec rN+} (You acquired it in the Dungeon)
 14862 | D        | Got a fine iron ring
 14863 | D        | Identified the ring of Trepidation {rC+ Dex+3} (You acquired it in the Dungeon)
 15083 | D        | Bought a scroll of fog for 24 gold pieces
 15083 | D        | Bought a scroll of enchant armour for 90 gold pieces
 15083 | D        | Bought a scroll of enchant armour for 90 gold pieces
 15083 | D        | Bought a scroll of fear for 42 gold pieces
 15203 | D        | Bought a scroll of enchant armour for 90 gold pieces
 15207 | D        | Bought a scroll of enchant armour for 150 gold pieces
 15207 | D        | Bought a scroll of fog for 40 gold pieces
 15210 | D        | Bought 2 potions of curing for 66 gold pieces
 15210 | D        | Bought 2 potions of curing for 66 gold pieces
 15211 | D        | Bought a phantom mirror for 390 gold pieces
 15279 | D        | Received a gift from Trog
 15329 | D        | Bought a potion of invisibility for 104 gold pieces
 15329 | D        | Bought 2 potions of curing for 78 gold pieces
 15475 | D        | Bought a wand of disintegration (15) for 209 gold pieces
 15541 | D        | Received a gift from Trog
 15569 | D        | Received a gift from Trog
 15697 | D        | Gained mutation: You expend magic power (3 MP) to strengthen your wands. [a shining eye]
 15717 | D        | Received a gift from Trog
 15937 | D        | Found a viscous altar of Jiyva.
 15937 | D        | Noticed the Royal Jelly
 15946 | D        | Killed the Royal Jelly
 15946 | D        | Reached skill level 15 in Stealth
 16079 | D        | Got a flickering silver ring
 16080 | D        | Identified the ring of Arasis {Int+4 SInv} (You found it in the Dungeon)
 16083 | D        | Got a slimy rune of Zot
 16088 | D        | Received a gift from Trog
 16246 | D        | Noticed a Killer Klown
 16262 | D        | Killed a Killer Klown
 16375 | D        | Noticed an Orb Guardian
 16375 | D        | Noticed an Orb Guardian
 16379 | D        | Killed an Orb Guardian
 16384 | D        | Killed an Orb Guardian
 16389 | D        | Received a gift from Trog
 16481 | D        | Noticed an ancient lich
 16491 | D        | Killed an ancient lich
 16491 | D        | Received a gift from Trog
 16491 | D        | Reached XP level 19. HP: 169/207 MP: 11/35
 16581 | D        | Noticed an electric golem
 16585 | D        | Killed an electric golem
 16591 | D        | Received a gift from Trog
 16591 | D        | Received a gift from Trog
 16664 | D        | Noticed Tiamat
 16688 | D        | Killed Tiamat
 16835 | D        | Noticed an orb of fire
 16846 | D        | Killed an orb of fire
 16846 | D        | Received a gift from Trog
 16866 | D        | Gained mutation: You are clumsy. (Dex -2) [mutagenic glow]
 16900 | D        | Gained mutation: You are dopey. (Int -2) [mutagenic glow]
 16934 | D        | Gained mutation: Your body sometimes deteriorates upon taking damage. [mutagenic glow]
 16973 | D        | Gained mutation: You are frail. (-10% HP) [mutagenic glow]
 17039 | D        | Gained mutation: Your body often deteriorates upon taking damage. [mutagenic glow]
 17071 | D        | Got the Orb of Zot
 17084 | D        | Gained mutation: Your spells are a little harder to cast, but a little more powerful. [mutagenic glow]
 17111 | D        | Noticed Diseg the pandemonium lord
 17113 | D        | Gained mutation: You occasionally shout uncontrollably at your foes. [mutagenic glow]
 17178 | D        | Noticed Gaunt the pandemonium lord
 17195 | D        | Gained mutation: Scrolls take you a little longer to read. [mutagenic glow]
 17240 | D        | Gained mutation: You are very frail. (-20% HP) [mutagenic glow]
 17286 | D        | Escaped with the Orb!

Skill      XL: |  1  2  3  4  5  6  7  8  9 10 11 12 13 14 15 16 17 18 19 |
---------------+----------------------------------------------------------+-----
Fighting       | 4 5 6 9 10 11 12 14 16 17 19 22 26 27 | 27.0
Axes           | 5 7 8 12 13 15 16 19 21 23 26 27 | 27.0
Armour         | 3 4 6 8 9 11 12 14 16 17 19 22 26 27 | 27.0
Dodging        | 3 4 5 8 10 11 13 14 16 18 21 24 27 | 27.0
Evocations     | 18 27 | 27.0
Throwing       | 6 24 26 | 26.3
Stealth        | 4 16 18 | 18.6

Action                   |  1- 3 |  4- 6 |  7- 9 | 10-12 | 13-15 | 16-18 | 19-21 || total
-------------------------+-------+-------+-------+-------+-------+-------+-------++-------
Melee: Hand axe          |    15 |    11 |    45 |       |       |       |       ||    71
       Headbutt          |     6 |     1 |    22 |    54 |   182 |   206 |    19 ||   490
       Battleaxe         |       |       |     7 |   113 |   483 |   559 |    49 ||  1211
       Executioner's axe |       |       |       |   137 |       |       |       ||   137
       Unarmed           |       |       |       |       |    92 |       |       ||    92
Throw: Throwing net      |       |       |       |       |     1 |     1 |       ||     2
       Javelin           |       |       |       |       |     1 |       |       ||     1
Invok: Berserk           |     1 |     3 |     3 |     2 |     2 |     5 |       ||    16
       Burn Spellbooks   |       |     1 |       |       |       |     6 |       ||     7
       Brothers in Arms  |       |       |     1 |     2 |    12 |    30 |     1 ||    46
       Trog's Hand       |       |       |       |       |     1 |     1 |       ||     2
 Abil: Evoke Flight      |       |       |       |       |     3 |    15 |     2 ||    20
       Stop Flying       |       |       |       |       |       |     2 |       ||     2
Evoke: Wand              |       |       |       |       |       |    11 |     1 ||    12
       Box of beasts     |       |       |       |       |       |     1 |       ||     1
  Use: Potion            |       |       |       |       |     2 |     1 |     3 ||     6
       Scroll            |       |       |       |       |       |    39 |       ||    39
 Stab: Confused          |       |       |       |     1 |       |       |       ||     1
       Held in net/web   |       |       |       |       |     3 |     2 |       ||     5
       Distracted        |       |       |       |       |       |     2 |     1 ||     3
  Eat: Chunk             |       |     1 |     7 |     5 |     8 |    10 |       ||    31
       Ration            |       |       |       |     1 |     6 |     9 |     1 ||    17
Armor: Chain mail        |       |       |     8 |    80 |   139 |       |       ||   227
       Animal skin       |       |       |     1 |       |       |       |       ||     1
       Crystal plate arm |       |       |       |       |    50 |   257 |    32 ||   339
Dodge: Dodged            |     6 |     3 |    15 |   176 |   284 |   350 |    34 ||   868
Block: Buckler           |       |       |     1 |       |       |       |       ||     1
